 Dungeon Sprint DCSS version 0.23-a0-139-ga22e90c (webtiles) character file.

218 emperorscorpion the Thaumaturge (level 5, -10/31 HPs)
             Began as an Octopode Air Elementalist on Aug 30, 2018.
             Was a Believer of Sif Muna.
             Hit by a large rock thrown by a cyclops (41 damage)
             ... in the Dungeon (Sprint IX: "|||||||||||||||||||||||||||||").
             The game lasted 00:02:27 (444 turns).

emperorscorpion the Thaumaturge (OpAE)               Turns: 444, Time: 00:02:27

Health: -10/31     AC:  5    Str:  7    XL:     5   Next: 95%
Magic:  15/18      EV: 14    Int: 18    God:    Sif Muna [**....]
Gold:   0          SH:  0    Dex: 13    Spells: 13/25 levels left

rFire    . . .     SeeInvis .   a - +4 quarterstaff (speed)
rCold    . . .     Gourm    .   (shield currently unavailable)
rNeg     . . .     Faith    .   (helmet restricted)
rPois    .         Spirit   .   (no amulet)
rElec    .         Reflect  .   n - +2 ring of protection
rCorr    .         Harm     .   o - +2 ring of protection
MR       .....     NoTele   +   (no ring)
Stlth    +++.......             (no ring)
HPRegen  0.10/turn              (no ring)
MPRegen  0.16/turn              (no ring)
                                (no ring)
                                (no ring)

@: swift, very quick
A: almost no armour, stealthy swim, amphibious, 8 rings, constrict 8, camouflage
1, gelatinous body 1
a: Divine Energy, Renounce Religion


You were in the Dungeon.
You worshipped Sif Muna.
Sif Muna was pleased with you.
You were not hungry.

You visited 1 branch

Inventory:

Hand Weapons
 a - a +4 quarterstaff of speed (weapon)
Magical Staves
 b - an uncursed staff of energy
Jewellery
 n - a +2 ring of protection (left tentacle)
 o - a +2 ring of protection (right tentacle)
Wands
 k - a wand of acid (9)
Scrolls
 h - 2 scrolls of blinking
 i - 3 scrolls of remove curse
 j - 2 scrolls of amnesia
Potions
 c - 5 potions of curing
 d - 2 potions of heal wounds
 e - a potion of haste
 f - 4 potions of magic
 g - a potion of invisibility
Comestibles
 l - a ration


   Skills:
 + Level 0.2 Fighting
 + Level 2.5 Dodging
 - Level 2.6 Stealth
 + Level 10.5 Spellcasting
 + Level 1.2 Conjurations
 + Level 0.2 Charms
 - Level 3.0 Air Magic
 * Level 2.2 Invocations


You had 13 spell levels left.
You knew the following spells:

 Your Spells              Type           Power        Failure   Level  Hunger
a - Shock                 Conj/Air       ###.         3%          1    None
b - Swiftness             Chrm/Air       ###.....     6%          2    None
c - Airstrike             Air            ###.......   22%         4    ###....
d - Lightning Bolt        Conj/Air       ###.......   65%         5    #####..

Your spell library contained the following spells:

 Spells                   Type           Power        Failure   Level  Hunger
 Static Discharge         Conj/Air       ###.....     10%         3    None


Dungeon Overview and Level Annotations

Branches:
Dungeon (1/1)

Altars:
Cheibriados
Dithmenos
Elyvilon
Fedhas
Gozag
Hepliaklqana
Kikubaaqudgha
Makhleb
Nemelex Xobeh
Okawaru
Qazlal
Ru
Sif Muna
Trog
Uskayaw
Vehumet
Wu Jian
Xom
Yredelemnul
Zin
The Shining One
Beogh
Jiyva
Lugonu


Innate Abilities, Weirdness & Mutations

You cannot wear most types of armour.
You are very stealthy in the water. (Stealth+)
You are amphibious.
You can wear up to eight rings at the same time.
You can use your tentacles to constrict eight enemies at once.
Your skin changes colour to match your surroundings (Stealth+).
Your rubbery body absorbs attacks. (AC +1, EV +1)


Message History

Press: ? - help, Shift-Dir - straight line, f - cyclops
Aim: a cyclops (resting)
The bolt of acid hits the cyclops.
The cyclops is splashed with acid.
The acid corrodes the cyclops!
The cyclops is moderately wounded.
The cyclops shouts!
The bolt of acid hits the wight.
The wight is splashed with acid.
The acid corrodes the wight!
You destroy the wight!
Sif Muna accepts your kill.
Your Invocations skill gained 2 levels and is now at level 2!
The orc shouts!
The shadow imp shouts, "Give up, thou simpering wibble-sucking clack-dish!"
The cyclops throws a large rock.
The large rock hits you!!
Ouch! That really hurt!
* * * LOW HITPOINT WARNING * * *
You feel much better.
The cyclops throws a large rock.
The large rock hits you!!!
Ouch! That really hurt!
You die... ▓▓▓▓▓▓▓▓▓▓▓▓▓▓▓▓▓▓▓▓▓▓▓▓ '[).)[[[..'.....@'CCo5H. ▓▓▓▓▓▓▓▓▓▓▓▓▓▓▓▓▓▓▓▓▓▓▓▓

You could see a manticore (wandering), 2 cyclopes, a shadow imp and an orc.

Vanquished Creatures
  A killer bee (D)
  A wight (D)
  A crimson imp (D)
  A hound (D)
  An orc wizard (D)
  A worker ant (D)
  An adder (D)
  A worm (D)
  2 orcs (D)
  2 bats (D)
  2 frilled lizards (D)
  A kobold (D)
  A quokka skeleton (D)
  A rat (D)
17 creatures vanquished.

Notes
Turn   | Place    | Note
-------+----------+-------------------------------------------
     0 | D        | emperorscorpion the Octopode Air Elementalist began the
                  | quest for the Orb.
     0 | D        | Reached XP level 1. HP: 11/11 MP: 3/3
     4 | D        | Reached skill level 3 in Spellcasting
    18 | D        | Noticed a crimson imp
    54 | D        | Reached skill level 4 in Spellcasting
    54 | D        | Reached XP level 2. HP: 17/17 MP: 7/7
    58 | D        | Killed a crimson imp
    58 | D        | Reached skill level 6 in Spellcasting
    58 | D        | Reached XP level 3. HP: 21/21 MP: 8/11
    71 | D        | Found a roughly hewn altar of Beogh.
    71 | D        | Found a snail-covered altar of Cheibriados.
    71 | D        | Found a shadowy altar of Dithmenos.
    71 | D        | Found a white marble altar of Elyvilon.
    71 | D        | Found a blossoming altar of Fedhas.
    71 | D        | Found an opulent altar of Gozag.
    72 | D        | Found a hazy altar of Hepliaklqana.
    73 | D        | Found a viscous altar of Jiyva.
    74 | D        | Found an ancient bone altar of Kikubaaqudgha.
    75 | D        | Found a corrupted altar of Lugonu.
    76 | D        | Found a burning altar of Makhleb.
    77 | D        | Found a sparkling altar of Nemelex Xobeh.
    78 | D        | Found an iron altar of Okawaru.
    79 | D        | Found a stormy altar of Qazlal.
    80 | D        | Found a sacrificial altar of Ru.
    81 | D        | Found a deep blue altar of Sif Muna.
    82 | D        | Found a bloodstained altar of Trog.
    83 | D        | Found a hide-covered altar of Uskayaw.
    84 | D        | Found a radiant altar of Vehumet.
    85 | D        | Found an ornate altar of the Wu Jian Council.
    86 | D        | Found a shimmering altar of Xom.
    87 | D        | Found a basalt altar of Yredelemnul.
    88 | D        | Found a glowing silver altar of Zin.
    89 | D        | Became a worshipper of Sif Muna the Loreminder
    90 | D        | Found a glowing golden altar of the Shining One.
   121 | D        | Learned a level 2 spell: Swiftness
   143 | D        | Noticed a killer bee
   161 | D        | Reached skill level 7 in Spellcasting
   166 | D        | Reached XP level 4. HP: 18/27 MP: 3/13
   171 | D        | Reached * piety under Sif Muna
   171 | D        | Reached skill level 8 in Spellcasting
   174 | D        | Reached skill level 9 in Spellcasting
   174 | D        | Reached XP level 5. HP: 6/31 MP: 0/17
   189 | D        | Learned a level 5 spell: Lightning Bolt
   194 | D        | Learned a level 4 spell: Airstrike
   285 | D        | Reached ** piety under Sif Muna
   285 | D        | Reached skill level 10 in Spellcasting
   442 | D        | Noticed a cyclops
   442 | D        | Noticed a cyclops
   442 | D        | Noticed a manticore
   444 | D        | Hit by a large rock thrown by a cyclops

Vault maps used:
D:        linesprint

Skill      XL: |  1  2  3  4  5 |
---------------+----------------+-----
Spellcasting   | 4 6 7 9 10 | 10.5
Invocations    | 2 |  2.2
Fighting       | |  0.2
Dodging        | |  2.5
Stealth        | |  2.6
Conjurations   | |  1.2
Charms         | |  0.2
Air Magic      | |  3.0

Action                   |  1- 3 |  4- 6 || total
-------------------------+-------+-------++-------
Melee: Unarmed           |    11 |       ||    11
       Constrict         |     5 |       ||     5
       Tentacles         |     4 |       ||     4
       Quarterstaff      |       |     4 ||     4
 Cast: Shock             |     9 |     9 ||    18
       Swiftness         |     1 |     1 ||     2
       Airstrike         |       |     1 ||     1
Evoke: Wand              |       |     1 ||     1
  Use: Potion            |     1 |     1 ||     2
Armor: Skin              |     1 |     2 ||     3
Dodge: Dodged            |     9 |     7 ||    16

Table legend:
 A = Non-vault XP
 B = Vault XP
 C = Vault XP percentage of total XP
 D = Non-vault monster count
 E = Vault monster count
 F = Vault count percentage of total count
                 A         B        C        D         E       F
            +---------+---------+-------+---------+---------+-------
      Total |       0 |     312 | 100.0 |       0 |      17 | 100.0
            +---------+---------+-------+---------+---------+-------
          D |       0 |     312 | 100.0 |       0 |      17 | 100.0
            +---------+---------+-------+---------+---------+-------
